Map: Ruins of Seras

Players

FWNice (Nice) - Winner!

  • Race: Protoss Protoss

TargA

  • Race: Zerg Zerg

Event: NationWars III

VOD

Have the link to the VOD?

Description

Time

  • Played on: Dec. 4, 2015, 1:44 p.m.
  • Length: 9:30

All games in this series

Show
View Real Time Build Order
Export as new Build Order

FWNice Protoss - Winner!

Build Orders:  

Get SALT Encoding   

  12  0:01  Probe (Chrono Boost)  
  13  0:11  Probe (Chrono Boost)  
  14  0:23  Probe (Chrono Boost), Pylon  
  15  0:41  Probe (Chrono Boost)  
  16  0:52  Probe (Chrono Boost)  
  17  1:03  Probe (Chrono Boost)  
  18  1:07  Nexus  
  18  1:16  Gateway  
  18  1:18  Probe (Chrono Boost)  
  19  1:29  Probe (Chrono Boost)  
  19  1:30  Assimilator  
  20  1:35  Assimilator  
  20  1:39  Probe (Chrono Boost)  
  21  1:43  Gateway  
  21  1:50  Probe (Chrono Boost)  
  21  1:54  Pylon  
  22  2:00  Probe (Chrono Boost)  
  23  2:07  Cybernetics Core  
  23  2:12  Probe (Chrono Boost)  
  24  2:21  Probe (Chrono Boost)  
  26  2:22  Probe (Chrono Boost)  
  26  2:31  Probe (Chrono Boost)  
  26  2:33  Probe (Chrono Boost)  
  28  2:42  Probe (Chrono Boost)  
  28  2:43  Probe (Chrono Boost)  
  30  2:44  Adept x2 (Chrono Boost)  
  30  2:47  Warp Gate  
  34  2:53  Mothership Core (Chrono Boost)  
  34  2:56  Probe  
  37  3:08  Probe (Chrono Boost)  
  38  3:14  Probe (Chrono Boost)  
  38  3:18  Pylon  
  38  3:19  Probe (Chrono Boost)  
  40  3:21  Sentry, Adept  
  40  3:25  Probe (Chrono Boost)  
  45  3:30  Probe (Chrono Boost)  
  46  3:36  Probe (Chrono Boost)  
  46  3:41  Probe (Chrono Boost)  
  48  3:42  Pylon  
  48  3:46  Probe (Chrono Boost), Forge  
  48  3:48  Pylon  
  49  3:51  Probe (Chrono Boost)  
  50  3:57  Probe (Chrono Boost)  
  50  4:02  Probe (Chrono Boost)  
  50  4:08  Probe (Chrono Boost)  
  51  4:12  Probe (Chrono Boost)  
  51  4:14  Gateway  
  51  4:15  Gateway  
  51  4:16  Stargate  
  50  4:18  Stargate, Assimilator  
  50  4:28  Pylon  
  50  4:29  Probe (Chrono Boost)  
  50  4:30  Probe (Chrono Boost)  
  50  4:31  Assimilator  
  52  4:39  Pylon  
  52  4:45  Robotics Facility  
  52  5:00  Oracle (Chrono Boost)  
  52  5:02  Oracle (Chrono Boost)  
  52  5:03  Photon Cannon  
  52  5:05  Pylon  
  58  5:17  Stalker x2  
  58  5:18  Stalker x2  
  66  5:29  Pylon  
  66  5:30  Pylon  
  66  5:33  Immortal (Chrono Boost)  
  66  5:35  Pylon  
  70  5:43  Zealot  
  70  5:44  Zealot x2  
  70  5:45  Oracle (Chrono Boost)  
  79  5:55  Pylon, Oracle (Chrono Boost)  
  80  6:01  Pylon  
  80  6:07  Photon Cannon  
  80  6:18  Oracle (Chrono Boost)  
  83  6:22  Gateway  
  83  6:25  Gateway, Warp Prism (Chrono Boost)  
  85  6:29  Oracle (Chrono Boost)  
  88  6:38  Gateway  
  88  6:39  Gateway  
  88  6:41  Sentry  
  88  6:45  Pylon  
  90  6:49  Pylon  
  90  7:01  Immortal (Chrono Boost)  
  94  7:03  Sentry x2  
  94  7:05  Pylon  
  98  7:11  Stalker  
  100  7:34  Stalker  
  100  7:35  Stalker x3  
  94  8:07  Sentry x4  
  102  8:14  Stalker x2  
  102  8:15  Zealot x2  
  104  8:32  Immortal (Chrono Boost)  
  88  8:47  Zealot x8  
  95  9:08  Stalker x3  
  101  9:19  Stalker x2  
Show
View Real Time Build Order
Export as new Build Order

TargA Zerg 

Build Orders: Hatch First 

Get SALT Encoding   

  12  0:01  Drone  
  13  0:13  Overlord  
  13  0:19  Drone  
  14  0:31  Drone  
  14  0:32  Drone  
  16  0:36  Drone  
  17  0:54  Hatchery  
  17  0:56  Drone  
  17  1:00  Drone  
  18  1:07  Extractor  
  18  1:08  Drone  
  18  1:20  Spawning Pool  
  18  1:22  Drone  
  18  1:29  Drone  
  19  1:39  Overlord  
  19  1:50  Drone  
  21  2:01  Drone  
  21  2:06  Metabolic Boost, Queen  
  21  2:08  Zergling x2  
  24  2:12  Drone  
  24  2:15  Queen  
  27  2:21  Drone  
  28  2:23  Drone  
  29  2:33  Drone  
  29  2:34  Drone  
  31  2:40  Overlord  
  31  2:46  Hatchery  
  31  2:48  Drone  
  31  2:57  Drone x2  
  33  2:59  Queen  
  33  3:05  Drone  
  36  3:20  Drone  
  36  3:21  Drone x4  
  36  3:23  Overlord  
  36  3:24  Zergling x6  
  44  3:40  Overlord  
  44  3:41  Roach Warren  
  44  3:43  Drone x2  
  44  3:47  Extractor  
  44  3:53  Drone x4  
  46  4:09  Overlord  
  45  4:11  Overlord  
  44  4:22  Roach x7  
  60  4:24  Roach  
  60  4:29  Roach  
  62  4:33  Roach x2, Zergling x2  
  62  4:36  Overlord  
  62  4:37  Zergling x2  
  68  4:42  Zergling x2  
  68  4:43  Zergling x6  
  68  4:45  Zergling x2  
  73  4:49  Zergling x8  
  77  4:54  Zergling x2  
  77  4:58  Zergling x4  
  80  5:00  Ravager x2  
  80  5:01  Overlord  
  80  5:03  Zergling x2  
  80  5:04  Zergling x4  
  85  5:10  Overlord  
  85  5:11  Zergling x2  
  85  5:12  Ravager  
  87  5:16  Spore Crawler  
  87  5:20  Drone  
  87  5:21  Drone x6  
  82  5:31  Drone x6  
  88  5:36  Lair  
  84  5:55  Extractor  
  84  5:56  Extractor  
  76  6:00  Drone x4  
  76  6:01  Overlord x2  
  79  6:05  Roach x7  
  93  6:12  Overlord  
  93  6:20  Roach x4  
  93  6:21  Zergling x6  
  104  6:28  Overlord  
  104  6:33  Glial Reconstitution  
  104  6:44  Roach x6  
  104  6:45  Overlord  
  116  6:49  Zergling x10  
  121  6:56  Roach x5  
  131  7:05  Ravager  
  132  7:09  Ravager  
  132  7:12  Zergling x14  
  138  7:17  Spore Crawler  
  138  7:18  Spore Crawler  
  113  7:37  Queen x2  
  113  7:41  Roach  
  113  7:42  Roach x6  
  111  8:04  Queen  
  102  8:11  Ravager  
  101  8:13  Zergling x10  
  57  8:50  Zergling x10  
  58  8:58  Zergling x8  
  62  9:09  Zergling x6  
Tags
 
Add a new tag
Caveats
  • Supply blocks, unpowered buildings, or Contaminate may cause inaccurate times.
  • Supply counts are checked every 10 seconds.